 Dungeon Crawl Stone Soup version 0.31-a0-1074-g0b22e4e0f1 (webtiles) character file.

Game seed: 15102790546429417885

52 ytrimaz the Insei (level 3, -1/29 HPs)
             Began as a Demigod Shapeshifter on Dec 6, 2023.
             Slain by an adder (2 damage)
             ... on level 2 of the Dungeon.
             The game lasted 00:01:33 (1346 turns).

ytrimaz the Insei (Demigod Shapeshifter)            Turns: 1346, Time: 00:01:33

Health: -1/29      AC:  2    Str: 15    XL:     3   Next: 39%
Magic:  5/5        EV: 12    Int: 12    God:
Gold:   68         SH:  0    Dex: 17    Spells: 2/2 levels left

rFire   + .          .
                       - Unarmed
rCold   . . .        (no shield)
rNeg    . . .        a - +0 animal skin
rPois   .            (helmet currently unavailable)
rElec   .            (cloak currently unavailable)
rCorr   .            (gloves currently unavailable)
SInv    .            (boots currently unavailable)
Will    .....        (no amulet)
Stlth   ++           b - ring of protection from fire
HPRegen 0.24/turn    (no ring)
MPRegen 0.09/turn

%: no passive effects
@: lethally poisoned (-1 -> -7), beast-form
A: beast (slay +1), high MP 1, forlorn, divine attributes
a: Begin Untransformation


You were on level 2 of the Dungeon.
You were a hulking beast.
You visited 1 branch of the dungeon, and saw 2 of its levels.

You collected 68 gold pieces.


Innate Abilities, Weirdness & Mutations

You are a hulking beast.
Your limbs bulge with bestial killing power. (Slay +1)
You have an increased reservoir of magic. (+10% MP)
You shall have no god before yourself.
Your divine heritage dramatically boosts your attributes as you level up.


   Skills:
 + Level 2.0 Fighting
 - Level 1.7 Dodging
 + Level 3.2 Unarmed Combat
 + Level 3.1 Shapeshifting


You had 2 spell levels left.
You didn't know any spells.
Your spell library contained the following spells:

 Spells                   Type           Power      Damage    Failure   Level
 Tukima's Dance           Hex            0%         N/A       69%         3
 Passage of Golubria      Tloc           0%         N/A       97%         4
 Yara's Violent Unravell  Hex/Tmut       0%         3d3       100%        5

Inventory:

Armour
 a - a +0 animal skin (worn)
 e - a +2 pair of gloves
   (You found it on level 1 of the Dungeon)
Jewellery
 b - a ring of protection from fire (left hand)
   (You found it on level 2 of the Dungeon)
Talismans
 c - a beast talisman
 d - a flux talisman
Scrolls
 f - a scroll of enchant armour {unknown}
 g - a scroll of vulnerability {unknown}
 h - a scroll of immolation {unknown}
 l - a scroll of enchant weapon {unknown}
Potions
 j - a potion of mutation {unknown}
 k - a potion of might {unknown}

Dungeon Overview and Level Annotations

Branches:
Dungeon (2/15) Zot: 10655

#.#####..)#.###
.######.##..).....<..
...........r..#.#....
######.##.##.#.##†#. #
#..#.##.#.##.#. #.#
#..#.##.#>##.#. ..
##..#.##.#.#..#.
#..##.###...#.##.#....#.
#......hS.#.#.##r###..#.
#.......w.............#.
#.....##.##..#######.†#.
###.## #.# ..# #..#. #
#.# .[# #..#. #.. ..#
#.... ... ..# #.### ####
#.# #.#


You could see an adder and a dart slug.


Message History

Unknown command.
You hit the adder.
You feel sick. The adder barely misses you. 😮 HP[-1]
You take 1 damage, and now have 21/29 hp.
You closely miss the adder.
You feel sick. The adder barely misses you. 😮 HP[-1]
You take 1 damage, and now have 20/29 hp.
You are too injured to fight recklessly!
You hit the adder but do no damage.
You feel sick.
You are no longer poisoned.
The adder barely misses you. x2 😮 HP[-1]
You take 1 damage, and now have 19/29 hp.
You are too injured to fight recklessly!
You barely miss the adder. The adder barely misses you.
The dart slug launches a dart at you. The slug dart hits you. 😮 HP[-1]
You take 1 damage, and now have 18/29 hp.
You hit the adder. The adder bites you. 😮 HP[-3]
You take 3 damage, and now have 15/29 hp.
Unknown command.
You are too injured to fight recklessly!
You miss the adder. The adder bites you.
* * * LOW HITPOINT WARNING * * *
You are poisoned.
The adder poisons you! The dart slug bites you.
* * * LOW HITPOINT WARNING * * *
😨 HP[-4]
You take 4 damage, and now have 11/29 hp.
You miss the adder.
You feel sick. The adder bites you.
* * * LOW HITPOINT WARNING * * *
The dart slug launches a dart at you. The slug dart hits you.
* * * LOW HITPOINT WARNING * * *
The adder closely misses you. 😱 HP[-5]
You take 5 damage, and now have 6/29 hp.
Unknown command.
You miss the adder.
You feel sick. The adder bites you.
* * * LOW HITPOINT WARNING * * *
Unknown command. 😱 HP[-2]
You take 2 damage, and now have 4/29 hp.
Unknown command.
It was a potion of heal wounds.
You feel much better.
You feel sick. The adder closely misses you.
The dart slug closely misses you. 😮 HP[+14]
You regained 14 hp, and now have 18/29 hp.
You feel sick.
The dart slug attacks as it pursues you!
The dart slug barely misses you. The adder closely misses you. 😮 HP[-1]
You take 1 damage, and now have 17/29 hp.
You feel sick.
You are no longer poisoned. 😮 HP[-1]
You take 1 damage, and now have 16/29 hp.
The dart slug launches a dart at you. The slug dart hits you. 😮 HP[-1]
You take 1 damage, and now have 15/29 hp.
The adder bites you but does no damage. The adder barely misses you.
You closely miss the adder. The adder bites you.
* * * LOW HITPOINT WARNING * * *
You are poisoned.
The adder poisons you! 😨 HP[-1]
You take 1 damage, and now have 14/29 hp.
You closely miss the adder.
You feel sick. The adder bites you.
* * * LOW HITPOINT WARNING * * *
😨 HP[-2]
You take 2 damage, and now have 12/29 hp.
You closely miss the adder.
You feel sick. The adder bites you.
* * * LOW HITPOINT WARNING * * *
You are more poisoned.
The adder poisons you! 😨 HP[-3]
You take 3 damage, and now have 9/29 hp.
You hit the adder.
* * * LOW HITPOINT WARNING * * *
You feel sick. The adder bites you.
* * * LOW HITPOINT WARNING * * *
The adder bites you.
* * * LOW HITPOINT WARNING * * *
You are more poisoned.
The adder poisons you! 😱 HP[-4]
You take 4 damage, and now have 5/29 hp.
You hit the adder but do no damage. You punch the adder, but do no damage.
* * * LOW HITPOINT WARNING * * *
You feel sick. The dart slug closely misses you.
The adder barely misses you. 😱 HP[-2]
You take 2 damage, and now have 3/29 hp.
You barely miss the adder.
* * * LOW HITPOINT WARNING * * *
You feel sick. The adder bites you.
You die...

Skill      XL: |  1  2  3 |
---------------+----------+-----
Fighting       | 1 2 |  2.0
Unarmed Combat | 3 |  3.2
Shapeshifting  | 3 |  3.1
Dodging        | |  1.7

Action                     || total
---------------------------++-------
  Melee: Unarmed           ||   116
         Punch             ||     3
    Use: Potion            ||     2
   Stab: Sleeping          ||     3
 Armour: Animal skin       ||    62
         Skin              ||     5
  Dodge: Dodged            ||    83

Levels and vault maps discovered:
D:1:      dpeg_arrival_simpleton_b, layout_basic,
          hellmonk_ecumenical_altar_inner_sanctum, glass_columns_b,
          minmay_door_square, interstate_on_off, chequers_serial_rivers_marsh,
          roderic_malta_cross
D:2:      layout_loops_ring, basic_altar

Notes
Turn   | Place    | Note
-------+----------+-------------------------------------------
     0 | D:1      | ytrimaz the Demigod Shapeshifter began the quest for the
                  | Orb.
     0 | D:1      | Reached XP level 1. HP: 15/15 MP: 3/3
     0 | D:1      | magus.rc [v1.9.6]
    91 | D:1      | Reached skill level 1 in Fighting
   309 | D:1      | Reached XP level 2. HP: 19/23 MP: 4/4
   525 | D:1      | Reached skill level 3 in Unarmed Combat
   619 | D:1      | Reached skill level 3 in Shapeshifting
   996 | D:2      | Reached XP level 3. HP: 29/29 MP: 5/5
  1197 | D:2      | You add the spells Tukima's Dance, Passage of Golubria and
                  | Yara's Violent Unravelling to your library.
  1316 | D:2      | Reached skill level 2 in Fighting
  1333 | D:2      | HP: 6/29 [dart slug/slug dart (3)]
  1344 | D:2      | HP: 7/29 [poisoned by an adder]
  1345 | D:2      | HP: 3/29 [poisoned by an adder]
  1346 | D:2      | HP: 1/29 [poisoned by an adder]
  1346 | D:2      | Slain by an adder

Vanquished Creatures
  An adder (D:2)
  A dart slug (D:2)
  3 endoplasms
  6 goblins
  5 hobgoblins
  A quokka (D:1)
  6 ball pythons
  3 bats
  5 kobolds
  7 rats
38 creatures vanquished.

Table legend:
 A = Non-vault XP
 B = Vault XP
 C = Vault XP percentage of total XP
 D = Non-vault monster count
 E = Vault monster count
 F = Vault count percentage of total count
                 A         B        C        D         E       F
            +---------+---------+-------+---------+---------+-------
      Total |      75 |       0 |   0.0 |      38 |       0 |   0.0
            +---------+---------+-------+---------+---------+-------
        D:1 |      41 |       0 |   0.0 |      26 |       0 |   0.0
        D:2 |      34 |       0 |   0.0 |      12 |       0 |   0.0
            +---------+---------+-------+---------+---------+-------

Skill      XL: |  1  2  3 |
---------------+----------+-----
Fighting       | 1 2 |  2.0
Unarmed Combat | 3 |  3.2
Shapeshifting  | 3 |  3.1
Dodging        | |  1.7

Action                     || total
---------------------------++-------
  Melee: Unarmed           ||   116
         Punch             ||     3
    Use: Potion            ||     2
   Stab: Sleeping          ||     3
 Armour: Animal skin       ||    62
         Skin              ||     5
  Dodge: Dodged            ||    83

Illustrated notes

Table legend:
 A = Kills in this place as a percentage of kills in the entire game.
 B = Kills by you in this place as a percentage of kills by you in the entire game.
 C = Kills by friends in this place as a percentage of kills by friends in the entire game.
 D = Other kills in this place as a percentage of other kills in the entire game.
 E = Experience gained in this place as a percentage of experience gained in the entire game.
 F = Experience gained in this place divided by the number of levels of this place that you have seen.
                   A       B       C       D       E      F
               +-------+-------+-------+-------+-------+----------------------
         Total | 100.0 | 100.0 |   N/A |   N/A | 100.0 |  37.5
       Dungeon | 100.0 | 100.0 |   N/A |   N/A | 100.0 |  37.5
               +-------+-------+-------+-------+-------+----------------------

Table legend: (Time is in decaauts)
 A = Elapsed time spent in this place.
 B = Non-inter-level travel time spent in this place.
 C = Inter-level travel time spent in this place.
 D = Time resting spent in this place.
 E = Time spent auto-exploring this place.
 F = Levels seen in this place.
 G = Mean time per level.
                   A        B        C        D        E       F      G
               +--------+--------+--------+--------+--------+-----+--------+
         Total |   1343 |   1328 |     15 |      0 |   1026 |   2 |  671.5 |
       Dungeon |   1343 |   1328 |     15 |      0 |   1026 |   2 |  671.5 |
               +--------+--------+--------+--------+--------+-----+--------+

Top non-repeatable levels by time:
     D:1: 974 daAuts
     D:2: 368 daAuts
